 Dungeon Crawl Stone Soup version 0.29.1-13-g9f3cf754e1 (webtiles) character file.

Game seed: 14624736521516987566

18 nightchill the Trooper (level 2, 27/27 HPs)
             Began as a Minotaur Fighter on Feb 3, 2023.
             Was a Follower of Cheibriados.
             Got out of the dungeon alive.
             The game lasted 00:01:28 (1225 turns).

nightchill the Trooper (Minotaur Fighter)           Turns: 1225, Time: 00:01:28

Health: 27/27      AC:  6    Str: 22    XL:     2   Next: 48%
Magic:  1/1        EV:  9    Int:  7    God:    Cheibriados [*.....]
Gold:   107        SH:  5    Dex: 17    Spells: 1/1 levels left

rFire   . . .      SeeInvis .   a - +0 war axe
rCold   . . .      Faith    .   c - +0 buckler
rNeg    . . .      Spirit   .   b - +0 scale mail
rPois   .          Reflect  .   (helmet restricted)
rElec   .          Harm     .   (no cloak)
rCorr   .          Rampage  .   (no gloves)
Will    .....                   (no boots)
Stlth   ..........              (no amulet)
HPRegen 0.09/turn               j - +6 ring of dexterity
MPRegen 0.07/turn               (no ring)

@: very slow
A: horns 2, retaliatory headbutt
a: Renounce Religion, Bend Time


You escaped.
You worshipped Cheibriados.
Cheibriados was aware of your devotion.
You visited 1 branch of the dungeon, and saw 2 of its levels.

You collected 107 gold pieces.

Inventory:

Hand Weapons
 a - a +0 war axe (weapon)
Armour
 b - a +0 scale mail (worn)
 c - a +0 buckler (worn)
Jewellery
 j - a +6 ring of dexterity (left hand)
 o - a ring of wizardry
Scrolls
 e - 2 scrolls of blinking {unknown}
 f - a scroll of fear {unknown}
 g - a scroll of amnesia {unknown}
 i - 2 scrolls of poison {unknown}
 p - a scroll of teleportation {unknown}
 q - a scroll of brand weapon {unknown}
Potions
 d - a potion of might
 h - a potion of heal wounds {unknown}
 k - a potion of mutation {unknown}
 l - a potion of ambrosia {unknown}
 m - a potion of brilliance {unknown}
 n - a potion of attraction {unknown}


   Skills:
 + Level 4.0 Fighting
 * Level 3.4 Axes
 - Level 3.6 Armour
 - Level 3.6 Shields


You had one spell level left.
You didn't know any spells.
Your spell library was empty.

Dungeon Overview and Level Annotations

Branches:
Dungeon (2/15)

Altars:
Cheibriados

Shops:
D:1 *


Innate Abilities, Weirdness & Mutations

You have a pair of horns on your head.
You reflexively headbutt those who attack you in melee.


Message History

You barely miss the kobold. You headbutt the kobold.
You kill the kobold!
No target in view!
No target in view!
No target in view!
Things that are here:
a +0 dagger; 5 stones; a kobold corpse
There is a faded altar of an unknown god here.
You cannot tell which god this altar belongs to.
Convert to them anyway?
Okay, then.
You cannot tell which god this altar belongs to.
Convert to them anyway? [Y]es or [N]o only, please.
You cannot tell which god this altar belongs to.
Convert to them anyway?
Cheibriados accepts your prayer! Cheibriados welcomes you!
Cheibriados begins to support your attributes as your movement slows.
Cheibriados is now slowing the effects of poison on you.
You can now bend time to slow others.
Cheibriados raises the support of your attributes as your movement slows.
There is a dry fountain here.
p - a scroll labelled APIEZ IKISIQUD
q - a scroll labelled FUROYJY LITABA An adder comes into view.
The adder hisses angrily.
You closely miss the adder. You headbutt the adder!
The adder is severely wounded.
The adder bites you.
You slash the adder!
You kill the adder!
Cheibriados thoroughly appreciates the change of pace.
Your Fighting skill increases to level 4!
There is a dry fountain here.
You see here a quokka skeleton.
There is a stone staircase leading up here.
You climb upwards.
There is a stone staircase leading down here.
You see here a +1 short sword of draining.
There is a staircase leading out of the dungeon here.
Are you sure you want to leave the Dungeon?
This will make you lose the game!
You have escaped!

####### #.#######.#.########...#
......# #.........#)# #...##
...##.# ###########.# #.....
....#.# #.........#.########...##
#####.###.........#.#......##..##
.......##.........#.#.####.##.)..
.########...♣.....#.#....#.###...
.# #....8....#.####.#.# #...
.#### #.......@...# #.#.# #...
....# #...........######.###.#.
....# #.........#........#.....
....# #.........###############
....###############..............
..........# #######.#######....##
......###.# #..........####......
......# #.# #............##....#.
......# #.# #........(...##....#.


There were no monsters in sight!

Vanquished Creatures
  An adder (D:2)
  A giant cockroach (D:2)
  A quokka (D:2)
  A ball python (D:1)
  2 bats
  A frilled lizard (D:1)
  A kobold (D:2)
  4 rats
12 creatures vanquished.

Notes
Turn   | Place    | Note
-------+----------+-------------------------------------------
     0 | D:1      | nightchill the Minotaur Fighter began the quest for the
                  | Orb.
     0 | D:1      | Reached XP level 1. HP: 19/19 MP: 0/0
   498 | D:1      | Found Gioxahut's General Store.
  1072 | D:2      | Found a faded altar of an unknown god.
  1075 | D:2      | Reached XP level 2. HP: 27/27 MP: 1/1
  1079 | D:2      | Prayed at the altar of an unknown god.
  1079 | D:2      | Became a worshipper of Cheibriados the Contemplative
  1079 | D:2      | Reached * piety under Cheibriados
  1114 | D:2      | Reached skill level 4 in Fighting
  1225 | D:$      | Got out of the dungeon alive.

Illustrated notes

Levels and vault maps discovered:
D:1:      wander_arrival_peaceful_grave, layout_basic, serial_shops, shop
D:2:      layout_loops_ring, serial_shops, shop, serial_co_window_serial,
          co_window_paths_b, co_window_paths_b, co_window_paths_a,
          co_window_paths_a, co_window_corner_a, co_window_broadway_b,
          co_window_cross_3, co_window_cross_2, glass_columns_c,
          glass_columns_a, hellmonk_ecumenical_altar_run_dry,
          lightli_corner_chamber

Skill      XL: |  1  2 |
---------------+-------+-----
Axes           | 3 |  3.4
Fighting       | 4 |  4.0
Armour         | |  3.6
Shields        | |  3.6

Action                   || total
-------------------------++-------
Melee: War axe           ||    17
       Headbutt          ||     5
Armor: Scale mail        ||     7
Dodge: Dodged            ||    10
Block: Buckler           ||     1
